Map: Jagannatha LE

Players

A.I. 1 (Very Easy)

  • Race: Terran Terran

blcyber - Winner!

  • Race: Zerg Zerg
  • League: Gold

VOD

Have the link to the VOD?

Description

Time

  • Played on: June 20, 2021, 11:11 p.m.
  • Length: 13:00
Show
View Real Time Build Order
Export as new Build Order

A.I. 1 (Very Easy) Terran 

Build Orders: Reaper Expand 

Get SALT Encoding   

  12  0:00  SCV  
  13  0:13  SCV  
  14  0:19  Supply Depot  
  14  0:46  Barracks  
  14  1:06  Command Center  
  14  1:30  Supply Depot  
  14  1:34  Orbital Command  
  14  1:35  Marine  
  14  1:37  Refinery  
  15  1:50  Refinery  
  15  2:00  SCV  
  16  2:12  SCV  
  17  2:18  Reaper  
  17  2:19  SCV  
  19  2:26  SCV  
  20  2:34  SCV  
  21  2:41  SCV  
  22  2:47  Refinery  
  22  2:48  SCV  
  23  2:55  SCV  
  24  3:01  Marine  
  24  3:02  SCV  
  26  3:09  SCV  
  27  3:14  Factory  
  27  3:17  SCV  
  28  3:39  SCV  
  28  3:40  Refinery  
  29  3:44  Marine  
  29  3:47  SCV  
  31  3:54  SCV  
  32  3:57  Supply Depot  
  32  4:01  Starport, SCV  
  33  4:09  SCV  
  34  4:16  SCV  
  35  4:23  SCV  
  36  4:27  Reaper  
  36  4:30  SCV  
  38  4:36  Starport Tech Lab  
  38  4:38  SCV  
  39  4:40  Supply Depot  
  39  4:45  SCV  
  40  4:52  SCV  
  41  4:55  Raven  
  41  4:59  SCV  
  44  5:06  SCV  
  45  5:09  Marine  
  45  5:13  SCV  
  47  5:21  SCV  
  48  5:38  Raven  
  50  5:52  Marine  
  51  6:35  Barracks Tech Lab  
  51  6:57  Marauder  
  52  10:36  SCV  
  53  11:00  Medivac  
  53  11:01  Factory Tech Lab  
  53  11:03  Supply Depot  
  55  11:16  Marine  
  50  11:24  Command Center  
  45  11:30  Medivac  
  47  11:40  Marine  
  48  12:00  Raven  
  50  12:03  Marine  
  51  12:16  Supply Depot  
  49  12:27  Marine  
  49  12:29  SCV  
  31  12:41  SCV  
Show
View Real Time Build Order
Export as new Build Order

blcyber Zerg - Winner!

Build Orders: Hatch First 

Get SALT Encoding   

  12  0:01  Drone  
  13  0:13  Overlord  
  13  0:27  Drone  
  14  0:31  Drone x2  
  16  0:55  Drone  
  17  0:58  Drone  
  17  1:01  Hatchery, Extractor  
  16  1:06  Drone  
  17  1:20  Spawning Pool  
  17  1:22  Drone  
  17  1:26  Drone  
  17  1:32  Drone  
  19  1:42  Drone  
  20  1:53  Overlord  
  20  2:13  Queen  
  20  2:14  Queen  
  24  2:19  Zergling x4  
  26  2:40  Metabolic Boost  
  26  2:41  Hatchery  
  25  2:59  Queen  
  27  3:18  Drone x4  
  27  3:19  Drone x2  
  33  3:31  Overlord  
  33  3:39  Drone x2  
  33  3:40  Drone  
  36  3:42  Overlord  
  36  3:57  Drone x4  
  40  4:03  Drone x2  
  40  4:04  Drone  
  40  4:05  Overlord  
  40  4:08  Queen  
  40  4:09  Drone x5  
  50  4:15  Drone  
  51  4:18  Drone  
  52  4:39  Extractor  
  52  4:43  Evolution Chamber  
  52  4:44  Evolution Chamber  
  49  4:46  Spore Crawler  
  49  4:47  Spore Crawler  
  49  4:50  Spore Crawler  
  47  4:52  Zergling x2  
  47  4:53  Zergling x8  
  47  4:55  Zergling x6  
  47  4:57  Drone  
  55  5:06  Drone x3  
  58  5:17  Zerg Melee Weapons Level 1  
  58  5:21  Zerg Ground Armor Level 1  
  58  5:25  Queen  
  60  5:35  Drone x4  
  64  5:36  Drone x2  
  64  5:37  Overlord x2  
  64  5:38  Overlord x4  
  64  5:42  Baneling Nest  
  65  5:48  Lair  
  65  6:12  Drone x2  
  65  6:13  Drone x6  
  73  6:19  Drone x4  
  73  6:20  Drone x4  
  81  6:39  Hatchery  
  80  6:42  Extractor  
  80  6:44  Hatchery  
  78  7:02  Extractor  
  78  7:03  Extractor  
  76  7:12  Drone x3, Extractor  
  79  7:15  Drone  
  79  7:16  Drone x2  
  79  7:18  Drone x3  
  79  7:19  Drone x3  
  87  7:26  Centrifical Hooks  
  87  7:32  Hydralisk Den  
  87  7:34  Overlord  
  86  7:37  Zergling x12  
  86  7:38  Zergling x4  
  94  7:50  Zergling x2  
  94  7:51  Zergling x10  
  99  7:52  Overlord x2  
  99  7:57  Overlord x2  
  100  8:02  Drone x3  
  103  8:07  Drone x4  
  107  8:23  Zerg Melee Weapons Level 2  
  107  8:24  Zerg Ground Armor Level 2  
  107  8:27  Overlord  
  107  8:28  Zergling x2  
  107  8:29  Zergling x16  
  107  8:30  Zergling x6  
  107  8:31  Zergling x2  
  120  8:35  Grooved Spines  
  120  8:49  Overlord  
  120  8:52  Baneling x2  
  120  8:53  Baneling x6  
  120  8:54  Baneling  
  120  8:57  Overlord  
  120  8:58  Zergling x4  
  120  8:59  Zergling x4  
  124  9:14  Hydralisk  
  124  9:15  Hydralisk  
  128  9:17  Infestation Pit, Baneling  
  128  9:19  Baneling  
  128  9:20  Baneling  
  127  9:24  Extractor  
  127  9:25  Drone x4, Extractor  
  127  9:26  Drone x7  
  127  9:27  Drone  
  137  9:32  Drone x3  
  137  9:33  Drone x2  
  137  9:34  Drone  
  143  9:46  Muscular Augments  
  143  9:50  Zergling x4  
  143  9:51  Zergling x10  
  143  9:52  Zergling x2  
  151  9:53  Overlord  
  151  9:54  Hydralisk  
  151  9:56  Zergling x4  
  155  10:12  Hatchery  
  154  10:15  Zergling x4  
  154  10:16  Zergling x4  
  154  10:17  Zergling x12  
  154  10:19  Hive  
  164  10:28  Lurker Den  
  164  10:35  Overlord  
  163  10:36  Zergling x4  
  163  10:37  Zergling x2, Hydralisk x3  
  163  10:38  Hydralisk  
  163  10:40  Zergling x10  
  163  10:42  Zergling x2  
  180  10:45  Queen  
  182  10:54  Hatchery  
  181  10:57  Overlord  
  181  11:02  Zergling x8  
  181  11:03  Zergling x4  
  187  11:08  Baneling x4  
  187  11:09  Baneling x5  
  185  11:31  Evolution Chamber  
  184  11:35  Adaptive Talons  
  184  11:49  Hydralisk x4  
  184  11:50  Hydralisk x2  
  184  11:52  Hydralisk  
  184  11:53  Zergling x2  
  199  11:57  Pneumatized Carapace  
Tags
 
Add a new tag
Caveats
  • Supply blocks, unpowered buildings, or Contaminate may cause inaccurate times.
  • Supply counts are checked every 10 seconds.